 Dungeon Crawl Stone Soup version 0.29.0-11-gd7f09526c8 (webtiles) character file.

Game seed: 467792690023142853

12263 SensoryNuts the Cleaver (level 11, -15/93 HPs)
             Began as a Pale Draconian Fighter on Sept 4, 2022.
             Demolished by an orc warrior
             ... wielding a +0 glaive
             ... led by an orc warlord
              (25 damage)
             ... on level 1 of the Orcish Mines.
             The game lasted 00:11:27 (11464 turns).

SensoryNuts the Cleaver (Pale Draconian Fighter)   Turns: 11464, Time: 00:11:28

Health: -15/93     AC: 16    Str: 22    XL:     11   Next: 60%
Magic:  11/11      EV: 16    Int:  8    God:
Gold:   1646       SH: 14    Dex: 12    Spells: 10/10 levels left

rFire   + . .      SeeInvis .   a - +2 war axe (protect)
rCold   + . .      Faith    .   d - +4 kite shield
rNeg    . . .      Spirit   .   (body armour unavailable)
rPois   .          Reflect  .   (helmet restricted)
rElec   .          Harm     .   o - scarf {rC+ rF+}
rCorr   .          Rampage  .   y - +0 pair of gloves
Will    .....                   g - +0 pair of boots
Stlth   ++........              (no amulet)
HPRegen 0.25/turn               h - +4 ring of slaying
MPRegen 0.12/turn               q - +4 ring of evasion

@: under a protective aura, hasted, very quick
A: breathe steam, AC +7, unfitting armour, cold-blooded, steam resistance
a: Breathe Steam


You were on level 1 of the Orcish Mines.
You visited 3 branches of the dungeon, and saw 13 of its levels.
You also visited: Ossuary.

You collected 1646 gold pieces.

Inventory:

Hand Weapons
 a - a +2 war axe of protection (weapon)
Missiles
 s - 3 throwing nets (quivered)
Armour
 d - a +4 kite shield (worn)
 g - a +0 pair of boots (worn)
 o - a scarf of resistance (worn)
 y - a +0 pair of gloves (worn)
Jewellery
 h - a +4 ring of slaying (left hand)
 q - a +4 ring of evasion (right hand)
 t - a ring of see invisible
 I - a ring of willpower
Wands
 m - a wand of flame (26)
 v - a wand of polymorph (6)
 A - a wand of acid (13)
 B - a wand of roots (5)
 D - a wand of digging (6)
 G - a wand of paralysis (4)
Scrolls
 p - 3 scrolls of noise
 r - 7 scrolls of teleportation
 z - 8 scrolls of immolation
 C - a scroll of magic mapping
Potions
 b - 9 potions of curing
 c - 3 potions of magic
 e - 7 potions of brilliance
 f - a potion of might
 j - 5 potions of attraction
 k - 5 potions of lignification
 l - a potion of flight {unknown}
 n - 4 potions of haste
 u - a potion of berserk rage {unknown}
 w - 3 potions of mutation {unknown}
 x - 4 potions of degeneration {unknown}
 E - 3 potions of invisibility {unknown}


   Skills:
 + Level 7.6 Fighting
 * Level 14.6 Axes
 + Level 6.0 Dodging
 + Level 3.1 Stealth
 + Level 7.7 Shields


You had 10 spell levels left.
You didn't know any spells.
Your spell library contained the following spells:

 Spells                   Type           Power      Damage    Failure   Level
 Freeze                   Ice            0%         1d3       71%         1
 Shock                    Conj/Air       0%         1d3       71%         1
 Sublimation of Blood     Necr           0%         N/A       85%         2
 Wereblood                Tmut           0%         N/A       85%         2
 Frozen Ramparts          Ice            0%         1d1       97%         3
 Gell's Gravitas          Tloc           0%         N/A       97%         3
 Ignite Poison            Fire/Tmut/Pois 0%         N/A       97%         3
 Mephitic Cloud           Conj/Pois/Air  0%         N/A       97%         3
 Ozocubu's Armour         Ice            0%         N/A       97%         3
 Swiftness                Air            0%         N/A       97%         3
 Teleport Other           Tloc           0%         N/A       97%         3
 Airstrike                Air            0%         2d(0-16)  100%        4
 Hailstorm                Conj/Ice       0%         3d3       100%        4
 Ice Form                 Ice/Tmut       0%         N/A       100%        4
 Petrify                  Tmut/Erth      0%         N/A       100%        4
 Summon Ice Beast         Ice/Summ       0%         N/A       100%        4
 Blade Hands              Tmut           0%         N/A       100%        5
 Freezing Cloud           Conj/Ice/Air   0%         6-21      100%        5
 Irradiate                Conj/Tmut      0%         3d11      100%        5
 Dispersal                Tloc           0%         N/A       100%        6
 Iron Shot                Conj/Erth      0%         9d1       100%        6
 Ozocubu's Refrigeration  Ice            0%         4d7       100%        7
 Summon Hydra             Summ           0%         N/A       100%        7
 Animate Armour           Summ/Erth      Unusable   N/A       N/A         4

Dungeon Overview and Level Annotations

Branches:
Dungeon (11/15)            Temple (1/1) D:5            Lair (0/5) D:10
    Orc (1/2) D:10        Ossuary (visited)

Altars:
Ashenzari
Cheibriados
Dithmenos
Elyvilon
Fedhas
Gozag
Hepliaklqana
Kikubaaqudgha
Makhleb
Nemelex Xobeh
Okawaru
Qazlal
Ru
Sif Muna
Trog
Uskayaw
Vehumet
Wu Jian
Xom
Yredelemnul
Zin
The Shining One

Shops:
D:3 *   D:8 *


Innate Abilities, Weirdness & Mutations

You can breathe blasts of scalding, opaque steam.
Your pale cyan-grey scales are hard. (AC +7)
You cannot fit into any form of body armour.
You are cold-blooded and may be slowed by cold attacks.
You are immune to the effects of steam.


Message History

The orc is severely wounded.
You hit the orc warrior but do no damage.
You hit the ogre. You block the orc warrior's attack. x2
The ogre closely misses you.
You completely miss the orc. You tail-slap the orc.
You kill the orc!
You completely miss the orc warrior.
You hit the orc warlord but do no damage.
You barely miss the ogre. The orc warrior misses you.
You hit the orc warrior but do no damage.
The orc warrior is heavily wounded.
You hit the orc warlord. You slash the ogre!
The orc warlord hits you with a +0 great sword!
The orc warrior hits you but does no damage.
The ogre hits you with a +0 giant club!
Unknown command.
You slash the orc warrior!
The orc warrior is severely wounded.
You hit the warg.
You hit the orc warlord but do no damage.
You hit the ogre.
The orc warlord hits you with a +0 great sword!
You block the orc warrior's attack. x2; The warg closely misses you.
As you read the scroll of teleportation, it crumbles to dust.
You feel strangely unstable. You block the ogre's attack.
You block the orc warlord's attack. You block the orc warrior's attack.
The warg bites you! The orc warrior closely misses you.
As you read the scroll of teleportation, it crumbles to dust.
You feel strangely stable. You block the warg's attack.
The orc warlord hits you with a +0 great sword!!
* * * LOW HITPOINT WARNING * * *
The orc warrior completely misses you.
The orc warrior hits you but does no damage.
You block the orc warrior's attack. The ogre hits you with a +0 giant club!
* * * LOW HITPOINT WARNING * * *
Okay, then.
You feel yourself speed up. The warg bites you but does no damage.
You block the orc warlord's attack. The orc warrior barely misses you.
The orc warrior hits you from afar with a +0 glaive!!
You die...

## .#...# ...
.#.##....####..#
#..........#...#
...............##
#..................#
##...##..........#.#
.....##.........oho##.##
..$.$..#.....$..@ooo...#
................oOoo..#.
.........^)......oo.....
$.........>............#
......$...............##
..).....................
[[..)..#................
.)..<).......#...##.....
.............#..##


You could see an orc warlord, a warg, 7 orc warriors, an ogre and 2 orcs.

Vanquished Creatures
  A two-headed ogre (D:9)
  Urug (Orc:1)
  Pikel (D:6)
  Joseph (D:7)
  A kobold demonologist (D:9)
  A troll (D:10)
  2 hornets
  Prince Ribbit (D:9)
  Grinder (D:3)
  Sigmund (D:3)
  3 wraiths
  10 yaks (D:10)
  2 wyverns
  Grum (D:9)
  3 steam dragons
  2 water moccasins
  An acid dragon (D:10)
  7 orc warriors
  5 black bears
  3 ogres (D:10)
  6 centaurs
  2 wolves (D:9)
  2 lemures (D:6)
  2 phantoms (D:5)
  12 kobold brigands (D:9)
  3 bullfrogs
  Blork the orc (D:5)
  2 scorpions
  11 wights
  12 killer bees
  3 howler monkeys
  4 hounds
  3 jellies
  3 gnoll boudas
  8 orc priests
  Crazy Yiuf (D:3)
  3 iguanas
  Natasha (thrice) (D:4)
  10 orc wizards
  8 mummies (Ossuary)
  15 gnolls
  7 adders
  An ufetubus (D:5)
  A worm (D:2)
  44 orcs
  7 ball pythons
  3 bats
  6 endoplasms
  5 giant cockroaches
  2 gnoll zombies (Ossuary)
  9 goblins
  13 hobgoblins
  2 jackals (D:5)
  2 quokkas
  6 frilled lizards
  A hobgoblin zombie (Ossuary)
  11 kobolds
  5 orc zombies (Ossuary)
  3 rats
290 creatures vanquished.

Vanquished Creatures (others)
  5 fungi (D:3)
5 creatures vanquished.

Grand Total: 295 creatures vanquished

Notes
Turn   | Place    | Note
-------+----------+-------------------------------------------
     0 | D:1      | SensoryNuts the Draconian Fighter began the quest for the
                  | Orb.
     0 | D:1      | Reached XP level 1. HP: 19/19 MP: 1/1
   286 | D:1      | Reached XP level 2. HP: 22/26 MP: 2/2
   701 | D:1      | Found a faded altar of an unknown god.
   865 | D:2      | Reached XP level 3. HP: 31/31 MP: 3/3
   948 | D:2      | Reached skill level 3 in Axes
  1070 | D:2      | Found a broken altar of Ashenzari.
  1821 | D:3      | Reached XP level 4. HP: 40/40 MP: 4/4
  1883 | D:3      | Noticed Sigmund
  1890 | D:3      | Reached skill level 4 in Axes
  2174 | D:3      | Killed Sigmund
  2175 | D:3      | Reached skill level 5 in Axes
  2175 | D:3      | Reached XP level 5. HP: 46/46 MP: 5/5
  2175 | D:3      | Reached XP level 6. HP: 52/52 MP: 6/6
  2241 | D:3      | Noticed Grinder
  2242 | D:3      | Paralysed by Grinder for 5 turns
  2254 | D:3      | Killed Grinder
  2255 | D:3      | Reached skill level 6 in Axes
  2255 | D:3      | Reached skill level 1 in Stealth
  2404 | D:3      | Found Rasaap's General Store.
  2825 | D:3      | Found a runed translucent door.
  2826 | D:3      | Noticed Crazy Yiuf
  2832 | D:3      | Killed Crazy Yiuf
  2833 | D:3      | Your scales start taking on a pale cyan-grey colour.
  2833 | D:3      | Reached XP level 7. HP: 52/59 MP: 3/7
  2833 | D:3      | Gained mutation: You are immune to the effects of steam.
                  | [Pale Draconian growth]
  3099 | D:4      | Found a shadowy altar of Dithmenos.
  3100 | D:4      | Noticed Natasha
  3107 | D:4      | Killed Natasha
  3123 | D:4      | Noticed Natasha
  3129 | D:4      | Killed Natasha
  3173 | D:4      | Noticed Natasha
  3243 | D:4      | Killed Natasha
  3502 | D:4      | Reached skill level 7 in Axes
  3948 | D:4      | Found a hide-covered altar of Uskayaw.
  4542 | D:4      | Identified a scroll of acquirement
  4542 | D:4      | Acquired 787 gold pieces
  4556 | D:5      | Entered Level 5 of the Dungeon
  4577 | D:5      | Reached XP level 8. HP: 67/67 MP: 8/8
  4628 | D:5      | Found a sand-covered staircase.
  4633 | Ossuary  | Entered an ossuary
  4655 | Ossuary  | Reached skill level 8 in Axes
  4978 | D:5      | Found a staircase to the Ecumenical Temple.
  5060 | D:5      | Noticed Blork the orc
  5069 | D:5      | Killed Blork the orc
  5070 | D:5      | Reached skill level 9 in Axes
  5409 | Temple   | Entered the Ecumenical Temple
  5596 | D:6      | Noticed Pikel
  5607 | D:6      | Killed Pikel
  5608 | D:6      | Reached skill level 5 in Fighting
  5608 | D:6      | Reached skill level 10 in Axes
  5608 | D:6      | Reached XP level 9. HP: 52/74 MP: 9/9
  6011 | D:6      | Reached skill level 5 in Shields
  6389 | D:7      | Noticed Joseph
  6397 | D:7      | Reached skill level 11 in Axes
  6397 | D:7      | Killed Joseph
  6655 | D:7      | Found an ancient bone altar of Kikubaaqudgha.
  6656 | D:7      | Found a shimmering blue altar of Sif Muna.
  6686 | D:7      | Identified the +0 leather armour "Gozxoz" {+Inv rElec Str+4
                  | Stlth-}
  7179 | D:7      | Reached XP level 10. HP: 83/83 MP: 10/10
  7182 | D:7      | Reached skill level 12 in Axes
  7627 | D:8      | Found a radiant altar of Vehumet.
  7666 | D:8      | Found Upogutec's Gadget Gallery.
  8159 | D:8      | Found a hazy altar of Hepliaklqana.
  8242 | D:8      | Reached skill level 5 in Dodging
  8613 | D:9      | Reached skill level 13 in Axes
  8877 | D:9      | Noticed Prince Ribbit
  8889 | D:9      | Killed Prince Ribbit
  9066 | D:9      | Noticed a two-headed ogre
  9077 | D:9      | Killed a two-headed ogre
  9266 | D:9      | Reached XP level 11. HP: 81/90 MP: 11/11
  9371 | D:9      | Noticed Grum
  9391 | D:9      | Killed Grum
  9595 | D:10     | Entered Level 10 of the Dungeon
  9621 | D:10     | Found a staircase to the Lair.
  9678 | D:10     | Reached skill level 14 in Axes
 10058 | D:10     | Found a staircase to the Orcish Mines.
 10808 | D:11     | Noticed a seven-headed hydra
 10995 | Orc:1    | Entered Level 1 of the Orcish Mines
 11135 | Orc:1    | Noticed Urug
 11171 | Orc:1    | Killed Urug
 11452 | Orc:1    | Noticed an orc warlord
 11464 | Orc:1    | Demolished by an orc warrior

Illustrated notes

Levels and vault maps discovered:
D:1:      dreamdust_arrival_beginning_and_end, layout_basic,
          chequers_ecumenical_altar_simple
D:2:      layout_loops_ring, basic_altar, roderic_nine_men_s_morris,
          minmay_pentomino_t4
D:3:      layout_rooms, serial_shops, shop, minmay_misc_feat_columns,
          hex_medium, uniq_crazy_yiuf_cottage, uniq_grinder, uniq_sigmund
D:4:      layout_loops_corners, nicolae_uskayaw_suspiria,
          grunt_dithmenos_smoke_and_mirrors, uniq_natasha
D:5:      layout_cave_pools, minmay_temple_entry_ruins, enter_ossuary_5,
          hangedman_glass_teeth, uniq_blork_the_orc
D:6:      layout_loops_cross, uniq_pikel
D:7:      layout_gridville, mainiacjoe_overflow_divided_tiny, uniq_joseph
D:8:      layout_basic, mainiacjoe_overflow_chevrons,
          nicolae_overflow_crystal_walls, hangedman_decor_opposing,
          nicolae_shop_gadgets
D:9:      layout_roguey [special_room_kobold], uniq_grum, uniq_prince_ribbit1
D:10:     layout_irregular_city, david_lair_generic, david_orc_2
D:11:     layout_long_grid
Temple:   kb_temple_of_zot
Orc:1:    layout_caves, uniq_urug

Skill      XL: |  1  2  3  4  5  6  7  8  9 10 11 |
---------------+----------------------------------+-----
Axes           | 3 5 6 7 10 11 13 14 | 14.6
Dodging        | 3 4 5 6 |  6.0
Fighting       | 4 5 6 7 |  7.6
Stealth        | 1 2 3 |  3.1
Shields        | 4 5 6 7 |  7.7

Action                   |  1- 3 |  4- 6 |  7- 9 | 10-12 || total
-------------------------+-------+-------+-------+-------++-------
Melee: War axe           |   107 |    48 |   267 |   358 ||   780
       Tailslap          |     7 |     7 |    35 |    55 ||   104
  Use: Scroll            |     1 |       |    16 |     8 ||    25
       Potion            |       |     2 |     1 |     5 ||     8
 Stab: Sleeping          |     1 |       |     3 |     2 ||     6
Armor: Skin              |    30 |    12 |    55 |    74 ||   171
Dodge: Dodged            |    63 |    26 |   129 |   193 ||   411
Block: Buckler           |     5 |       |       |       ||     5
       Kite shield       |    49 |    23 |   163 |   292 ||   527
